Map: King's Cove LE

Players

Monch - Winner!

  • Race: Protoss Protoss
  • League: Platinum
  • Spawn Location: 11:00

DashDance

  • Race: Terran Terran
  • League: Diamond
  • Spawn Location: 5:00

VOD

Have the link to the VOD?

Description

Time

  • Played on: Aug. 19, 2019, 10:06 p.m.
  • Length: 19:22
Show
View Real Time Build Order
Export as new Build Order

Monch Protoss - Winner!

Build Orders:  

Get SALT Encoding   

  12  0:01  Probe  
  13  0:13  Probe  
  14  0:18  Pylon  
  14  0:25  Probe  
  15  0:35  Probe  
  15  0:39  Gateway  
  16  0:43  Probe  
  17  0:51  Probe  
  17  0:55  Assimilator  
  18  1:03  Pylon, Probe  
  19  1:15  Probe  
  20  1:25  Gateway  
  20  1:28  Probe  
  21  1:38  Cybernetics Core  
  21  1:40  Probe  
  22  1:50  Assimilator  
  22  1:52  Probe  
  23  2:01  Probe  
  24  2:10  Probe  
  24  2:14  Stalker  
  25  2:20  Nexus  
  26  2:32  Stalker  
  26  2:36  Warp Gate  
  28  2:47  Stalker  
  30  3:02  Probe  
  31  3:07  Pylon  
  31  3:19  Pylon  
  31  3:25  Stalker x2  
  31  3:27  Twilight Council  
  35  3:52  Gateway  
  35  3:54  Gateway  
  35  3:55  Stalker  
  37  4:03  Blink  
  37  4:04  Probe  
  37  4:08  Probe  
  39  4:12  Probe  
  40  4:20  Probe  
  41  4:28  Assimilator  
  41  4:35  Shield Battery  
  41  4:40  Stalker  
  41  4:41  Stalker  
  41  4:44  Probe  
  41  4:45  Probe  
  47  4:55  Robotics Facility  
  47  4:56  Probe  
  48  5:01  Stalker  
  48  5:02  Stalker  
  52  5:07  Probe  
  52  5:08  Probe  
  54  5:19  Probe  
  54  5:20  Stalker  
  57  5:26  Stalker  
  57  5:27  Probe  
  60  5:40  Stalker  
  62  5:43  Pylon  
  62  5:50  Pylon  
  62  5:53  Pylon  
  62  6:02  Pylon  
  62  6:05  Pylon, Probe x2  
  62  6:08  Assimilator  
  62  6:09  Forge  
  64  6:20  Stalker x2  
  64  6:21  Stalker  
  64  6:22  Immortal  
  64  6:23  Protoss Ground Weapons Level 1  
  74  6:39  Probe  
  76  6:40  Probe  
  76  6:50  Photon Cannon  
  76  6:52  Probe x2  
  78  6:55  Stalker  
  80  7:06  Observer  
  81  7:14  Probe x2  
  83  7:23  Stalker x2  
  83  7:24  Stalker x2  
  83  7:29  Immortal  
  95  7:40  Photon Cannon  
  95  7:45  Templar Archives  
  95  7:52  Stalker x3  
  101  8:13  Pylon  
  101  8:18  Pylon  
  101  8:22  Pylon  
  101  8:53  Stalker x4  
  109  9:15  Psionic Storm  
  101  9:19  High Templar x3  
  101  9:20  High Templar  
  109  9:24  Charge  
  109  9:48  Nexus  
  109  9:57  Warp Prism, Gateway  
  109  9:59  Protoss Ground Weapons Level 2, Gateway  
  111  10:01  Gateway  
  111  10:03  Pylon  
  111  10:08  Probe x2  
  111  10:11  Zealot  
  111  10:12  Zealot  
  117  10:17  Pylon  
  117  10:28  Zealot x2  
  117  10:35  Pylon  
  121  10:38  Pylon, Stalker  
  121  10:39  Zealot  
  125  10:44  Pylon, Immortal  
  125  11:21  Stalker x2  
  125  11:22  Stalker x3  
  116  11:48  Stalker x4  
  116  11:50  Stalker  
  126  12:00  Stalker x2  
  130  12:04  Probe x3  
  133  12:16  Probe x3  
  136  12:28  Probe x3  
  132  12:40  Probe  
  123  13:01  Stalker x5  
  123  13:02  Stalker  
  93  13:25  Immortal  
  95  13:34  Stalker x2  
  95  13:35  Stalker x4  
  95  13:39  Probe x3  
  100  13:51  Probe  
  83  14:05  Zealot x3  
  83  14:06  Zealot x3  
  95  14:20  Immortal  
  99  14:24  Assimilator  
  99  14:26  Assimilator  
  99  14:30  High Templar  
  99  14:31  High Templar x5  
  105  14:34  Nexus  
  111  14:46  Protoss Ground Weapons Level 3  
  111  15:00  Pylon  
  111  15:01  Pylon  
  111  15:09  Photon Cannon  
  111  15:11  Photon Cannon  
  111  15:14  Zealot  
  111  15:15  Zealot x3  
  111  15:16  Photon Cannon, Zealot x2  
  111  15:20  Photon Cannon  
  123  15:33  Assimilator  
  123  15:38  Stalker x5  
  123  15:39  Photon Cannon, Stalker  
  135  15:48  Immortal  
  139  15:53  Gateway  
  139  15:59  Gateway, Probe  
  139  16:02  Gateway  
  140  16:08  Stalker x3  
  140  16:09  Stalker x2  
  140  16:11  Probe  
  151  16:20  Zealot  
  153  16:27  Immortal  
  117  16:52  Stalker x2  
  117  16:53  Stalker x4  
  95  17:17  Stalker x4  
  99  17:36  Immortal  
  85  17:54  Zealot x2  
  85  17:55  Zealot x4  
  80  18:22  Warp Prism  
  80  18:27  Probe x3  
  85  18:45  Stalker  
  85  18:46  Stalker x5  
  97  18:52  Photon Cannon  
  97  18:53  Photon Cannon  
  97  18:56  Photon Cannon  
  97  18:57  Probe x2  
Show
View Real Time Build Order
Export as new Build Order

DashDance Terran 

Build Orders: Reaper Expand 

Get SALT Encoding   

  12  0:00  SCV  
  13  0:13  SCV  
  14  0:18  Supply Depot  
  14  0:25  SCV  
  15  0:40  SCV  
  15  0:41  Barracks  
  16  0:46  Refinery  
  16  0:52  SCV  
  17  1:04  SCV  
  18  1:16  SCV  
  19  1:28  Orbital Command  
  19  1:32  Reaper  
  20  1:52  Command Center  
  20  1:56  SCV  
  21  2:02  Barracks  
  21  2:10  Supply Depot  
  21  2:14  SCV  
  22  2:19  Barracks Reactor  
  22  2:26  SCV  
  23  2:32  Barracks  
  23  2:39  SCV  
  24  2:51  SCV  
  25  2:54  Factory  
  25  3:01  Refinery  
  25  3:03  SCV, Barracks Tech Lab  
  26  3:12  Marine x2  
  28  3:15  Orbital Command  
  28  3:21  Barracks Reactor  
  28  3:22  Marine  
  29  3:30  Marine  
  30  3:36  SCV, Marine  
  30  3:38  Stimpack  
  30  3:39  Marine  
  33  3:48  SCV  
  34  3:50  SCV  
  34  3:51  Marine  
  34  3:53  Factory Tech Lab  
  34  3:54  Marine  
  37  4:00  SCV  
  37  4:02  SCV  
  39  4:06  Supply Depot  
  38  4:12  SCV, Supply Depot  
  38  4:15  Marine x3  
  38  4:16  Marauder, Marine  
  45  4:19  Supply Depot  
  45  4:21  Starport  
  45  4:25  SCV  
  46  4:33  SCV, Siege Tank  
  46  4:37  SCV  
  51  4:39  Supply Depot  
  51  4:42  Marine  
  51  4:43  Marine  
  53  4:46  SCV  
  53  4:47  Marauder  
  53  4:49  SCV  
  57  4:53  Marine  
  57  4:58  SCV  
  57  4:59  Supply Depot  
  59  5:01  SCV  
  60  5:10  SCV  
  61  5:16  Marine x3  
  61  5:17  Marauder, Marine  
  61  5:18  Starport Reactor  
  61  5:19  Siege Tank  
  61  5:21  SCV  
  71  5:22  SCV  
  71  5:25  Supply Depot  
  72  5:29  Supply Depot  
  72  5:33  Engineering Bay  
  72  5:34  Marine  
  73  5:36  SCV  
  73  5:37  Engineering Bay, SCV  
  73  5:40  Marine  
  73  5:41  Marine  
  73  5:42  Marine  
  78  5:46  Combat Shield  
  78  5:48  SCV  
  79  5:53  SCV  
  79  6:00  SCV  
  79  6:02  Supply Depot  
  79  6:04  Marine x5  
  80  6:05  Supply Depot  
  80  6:06  Medivac  
  87  6:12  SCV  
  87  6:13  SCV  
  87  6:15  Siege Tank  
  91  6:22  Marine  
  91  6:23  Marine x3  
  91  6:25  SCV, Marine  
  97  6:34  Refinery  
  97  6:35  Refinery  
  97  6:36  Terran Infantry Weapons Level 1  
  97  6:42  Marine x3  
  97  6:43  Marine x2  
  102  6:47  SCV  
  102  6:48  SCV  
  102  6:49  Command Center  
  102  6:53  Medivac  
  106  7:00  Marine x2  
  108  7:09  Marine x2  
  108  7:12  Supply Depot  
  108  7:15  Supply Depot  
  110  7:17  Marine  
  110  7:18  Marine x2  
  113  7:27  Marine x2  
  113  7:29  Medivac  
  117  7:34  Medivac  
  117  7:35  SCV, Marine  
  117  7:36  Marine x2  
  123  7:44  Barracks  
  123  7:45  Marine x2  
  123  7:46  Terran Infantry Armor Level 1  
  123  7:49  Barracks  
  123  7:50  Barracks  
  125  7:54  Armory  
  125  8:03  Supply Depot  
  125  8:06  Supply Depot  
  125  8:13  SCV x2  
  125  8:19  Marine  
  127  8:20  Marine x4  
  127  8:25  SCV  
  127  8:26  SCV  
  133  8:41  SCV  
  133  8:42  SCV  
  133  8:43  Orbital Command  
  134  8:51  Marine  
  134  8:52  Barracks Reactor x2, Barracks Tech Lab  
  134  8:53  SCV  
  134  8:54  SCV  
  137  9:11  Refinery  
  137  9:14  Refinery  
  136  9:19  Marauder, Marine x2  
  136  9:20  Marauder, Marine x2  
  136  9:21  Medivac x2, Siege Tank  
  151  9:27  Terran Infantry Weapons Level 2  
  151  9:28  Starport, Terran Vehicle Weapons Level 1  
  151  9:29  SCV x3  
  151  9:30  Factory  
  153  9:37  Marine x3  
  156  9:41  SCV x3  
  156  9:43  Terran Infantry Armor Level 2  
  156  9:44  Marine x5  
  164  9:55  Marine  
  164  9:56  Supply Depot  
  165  10:04  Supply Depot  
  165  10:18  Marauder x2, Marine, Siege Tank  
  165  10:20  Command Center  
  173  10:25  Marine  
  174  10:36  Marine x7  
  181  10:45  Supply Depot  
  181  10:46  Supply Depot  
  181  10:50  Factory Tech Lab  
  181  10:51  Starport Reactor  
  181  11:00  SCV, Marauder  
  181  11:02  Refinery, Marine  
  181  11:04  Marauder  
  181  11:06  SCV, Marine  
  181  11:07  Refinery  
  175  11:19  Marine x4  
  175  11:20  Marine x3  
  175  11:21  Marauder  
  175  11:24  Marine  
  187  11:26  Marauder  
  186  11:37  Marine x3  
  155  11:43  Marine x3  
  155  11:45  Marine x2  
  155  11:46  Marauder, Marine  
  147  11:47  Medivac x3  
  147  11:48  Medivac  
  155  11:55  Marine x3  
  155  12:00  Marine  
  155  12:01  Marine x2  
  158  12:03  Marine x2  
  158  12:04  Siege Tank  
  158  12:05  Marauder  
  158  12:06  SCV x2  
  158  12:07  Marauder  
  169  12:12  Marine  
  170  12:16  SCV  
  170  12:18  SCV  
  159  12:40  Marine x3  
  159  12:54  Siege Tank  
  151  13:01  Marauder x2, Marine x5  
  151  13:03  SCV  
  138  13:07  Medivac x2  
  131  13:16  Marine  
  131  13:17  Marine x2  
  131  13:18  Marine  
  112  13:25  Marine x4  
  112  13:26  Siege Tank  
  104  13:28  Marauder, Marine  
  104  13:30  Medivac x2  
  104  13:34  SCV x3, Marine x3  
  107  13:36  Marine  
  110  13:43  Marine x3  
  110  13:47  Marine x2  
  111  13:49  Marine  
  111  13:52  Marine x2  
  109  13:55  Marine x2  
  109  14:00  Marine  
  109  14:01  Marine x2  
  109  14:04  Siege Tank  
  109  14:05  Marine  
  109  14:06  Marauder  
  109  14:07  Marauder  
  109  14:09  Viking x2  
  121  14:10  Marine x2  
  121  14:13  Marine x2  
  125  14:18  Marine x2  
  125  14:23  SCV x3, Command Center  
  130  14:26  Terran Infantry Weapons Level 3  
  130  14:28  Terran Infantry Armor Level 3  
  130  14:33  Marine  
  130  14:34  Marine x2  
  130  14:35  SCV  
  134  14:49  Marine x3  
  134  14:50  Marauder, Marine x3  
  134  14:51  Marine x2  
  144  14:54  Marine  
  144  14:59  SCV  
  146  15:06  Siege Tank  
  149  15:07  Marine x4  
  153  15:35  Command Center  
  153  15:49  SCV x3  
  156  15:50  Marine  
  156  15:51  Marauder, Marine x3  
  156  15:54  Marine  
  156  15:55  Marine x4  
  167  15:57  Siege Tank  
  167  15:59  Medivac x3  
  176  16:08  Marine  
  176  16:19  Marauder, Marine x8  
  176  16:22  SCV x2  
  188  16:26  Marine  
  156  16:36  Marine  
  156  16:37  Marine x5  
  142  16:41  Marine x2  
  142  16:42  Marine  
  142  16:44  Marine  
  138  16:54  Marine x4  
  138  16:56  Siege Tank  
  130  17:07  Marauder, Marine x4  
  130  17:08  Siege Tank  
  112  17:22  Marine x4  
  113  17:23  Marine  
  113  17:24  Marine  
  113  17:25  Marine  
  113  17:28  Marauder  
  103  17:37  Marine  
  103  17:38  Marine  
  103  17:40  Marine x4, Siege Tank  
  103  17:41  Marauder  
  107  17:44  Marine x2  
  96  18:03  Marine  
  96  18:04  Marauder, Marine x5  
  94  18:10  SCV  
  76  18:35  Marine x2  
  76  18:36  Marine x5  
Tags
 
Add a new tag
Caveats
  • Supply blocks, unpowered buildings, or Contaminate may cause inaccurate times.
  • Supply counts are checked every 10 seconds.